 Dungeon Crawl Stone Soup version 0.26.1-10-gdfb7c7de75 (webtiles) character file.

Game seed: 9595946362356661154

677419 diana the Conqueror (level 27, -4/273 HPs)
             Began as a Demonspawn Gladiator on Apr 4, 2021.
             Was an Initiate of Gozag.
             Succumbed to an ushabti's dark miasma
             ... on level 1 of the Tomb of the Ancients.
             The game lasted 02:53:21 (78721 turns).

diana the Conqueror (Demonspawn Gladiator)         Turns: 78721, Time: 02:53:21

Health: -4/273     AC: 21    Str: 33    XL:     27
Magic:  2/38       EV: 29    Int: 14    God:    Gozag
Gold:   10982      SH: 24    Dex: 27    Spells: 48/48 levels left

rFire    + + +     SeeInvis +   V - +9 double sword (vorpal)
rCold    + + .     Faith    .   p - +1 buckler of the Stag {Harm rC- Str+7 SInv}
rNeg     + + +     Spirit   +   F - +4 steam dragon scales "Byakkoy" {rF+ rC+}
rPois    +         Reflect  +   r - +2 hat of the Bear Spirit {Spirit, +Rage rN+ Will++}
rElec    +         Harm     +   v - +2 cloak "Vauv Zay" {Rampage rCorr}
rCorr    +         Rampage  +   (gloves unavailable)
Will     +++++                  s - +2 pair of boots {run}
Stlth    +.........             A - amulet of Rogo {Reflect rF+ rN+ Str-3 Dex+7 SH+5}
HPRegen  4.55/turn              H - ring "Ikkoaw" {rN+ Will- Str+7 Dex+4 Slay+6}
MPRegen  0.26/turn              u - ring "Hemotwic" {+Inv Will++ Slay+4 Stlth-}

@: mighty, lethally poisoned (-4 -> -7), resistant, gold aura, berserk cooldown,
slowed, very slow
A: claws 3, large bone plates 3, clever 1, cold resistance 1, passive freeze,
powered by death 3, powered by pain 3, robust 1, weak 1, wild magic 1, freezing
cloud immunity
}: 3/15 runes: decaying, serpentine, silver
a: Renounce Religion, Evoke Berserk Rage, Evoke Invisibility, Potion Petition,
Call Merchant, Bribe Branch


You were on level 1 of the Tomb of the Ancients.
You worshipped Gozag.
Gozag was extremely pleased with you.
You visited 12 branches of the dungeon, and saw 51 of its levels.
You visited 1 bazaar.
You also visited: Gauntlet, Ice Cave, Volcano, Wizlab and Desolation.

You collected 32246 gold pieces.
You spent 4700 gold pieces at shops.
You paid 16564 gold pieces to Gozag.

Inventory:

Hand Weapons
 V - a +9 vorpal double sword (weapon)
Missiles
 d - 4 throwing nets
 o - 38 boomerangs (quivered)
 Z - 19 silver javelins
Armour
 p - the +1 buckler of the Stag (worn) {Harm rC- Str+7 SInv}
   (You bought it in a shop on level 2 of the Orcish Mines)

   It affects your strength (+7).
   It makes you vulnerable to cold.
   It lets you see invisible.
   It increases damage dealt and taken.
 r - the +2 hat of the Bear Spirit (worn) {Spirit, +Rage rN+ Will++}
   (You found it on level 3 of the Elven Halls)

   It protects you from negative energy.
   It affects your willpower, your defense against some magical effects.
   It lets you go berserk.
 s - a +2 pair of boots of running (worn)
 v - the +2 cloak "Vauv Zay" (worn) {Rampage rCorr}
   (You found it on level 4 of the Snake Pit)

   It provides partial protection from all sources of acid and corrosion.
   It bestows one free step when moving towards enemies.
 F - the +4 steam dragon scales "Byakkoy" (worn) {rF+ rC+}
   (You took it off a deep elf annihilator on level 3 of the Elven Halls)

   It protects you from fire.
   It protects you from cold.
Jewellery
 f - a +4 ring of protection
 u - the ring "Hemotwic" (right claw) {+Inv Will++ Slay+4 Stlth-}
   (You took it off a deep elf annihilator on level 3 of the Elven Halls)

   [ring of slaying]

   It affects your accuracy and damage with ranged weapons and melee attacks
   (+4).
   It affects your willpower, your defense against some magical effects.
   It lets you turn invisible.
   It makes you less stealthy.
 A - the amulet of Rogo (around neck) {Reflect rF+ rN+ Str-3 Dex+7 SH+5}
   (You bought it in a shop on level 3 of the Vaults)

   [amulet of reflection]

   It shields you and reflects attacks.
   It affects your strength (-3).
   It affects your dexterity (+7).
   It protects you from fire.
   It protects you from negative energy.
   It affects your SH (+5).
 H - the ring "Ikkoaw" (left claw) {rN+ Will- Str+7 Dex+4 Slay+6}
   (You found it on level 3 of the Crypt)

   [ring of positive energy]

   It affects your strength (+7).
   It affects your dexterity (+4).
   It affects your accuracy and damage with ranged weapons and melee attacks
   (+6).
   It protects you from negative energy.
   It affects your willpower, your defense against some magical effects.
Wands
 G - a wand of digging (20)
 L - a wand of iceblast (69)
 R - a wand of disintegration (13)
 S - a wand of acid (32)
Scrolls
 a - 4 scrolls of brand weapon
 b - 7 scrolls of enchant weapon
 i - 14 scrolls of fog
 l - 5 scrolls of blinking
 m - 8 scrolls of fear
 q - 6 scrolls of magic mapping
 w - 19 scrolls of identify
 y - 21 scrolls of remove curse
 z - 29 scrolls of teleportation
 D - 4 scrolls of amnesia
 K - 18 scrolls of immolation
 N - 16 scrolls of enchant armour
 P - 5 scrolls of silence
 T - 2 scrolls of summoning
 Y - 2 scrolls of holy word
Potions
 c - 2 potions of ambrosia
 e - 4 potions of resistance
 g - 6 potions of might
 j - 10 potions of lignification
 k - 8 potions of heal wounds
 n - 3 potions of berserk rage
 t - 24 potions of curing
 x - 6 potions of brilliance
 C - 3 potions of cancellation
 M - 7 potions of haste
 O - 4 potions of flight
 Q - 7 potions of magic
 W - a potion of invisibility
Miscellaneous
 h - a lightning rod (4/4)
 I - a condenser vane


   Skills:
 O Level 27 Fighting
 - Level 16.0 Long Blades
 - Level 16.0 Throwing
 - Level 15.0 Armour
 - Level 15.0 Dodging
 - Level 0.6 Stealth
 + Level 18.2 Shields
 - Level 11.1 Spellcasting
 - Level 15.0 Evocations


You had 48 spell levels left.
You didn't know any spells.
Your spell library contained the following spells:

 Spells                   Type           Power        Failure   Level
 Animate Skeleton         Necr           20%          14%         1
 Apportation              Tloc           20%          14%         1
 Corona                   Hex            11%          14%         1
 Foxfire                  Conj/Fire      40%          14%         1
 Magic Dart               Conj           40%          14%         1
 Sandblast                Erth           20%          14%         1
 Shock                    Conj/Air       40%          14%         1
 Summon Small Mammal      Summ           40%          14%         1
 Blink                    Tloc           N/A          21%         2
 Call Imp                 Summ           10%          21%         2
 Corpse Rot               Necr/Air       N/A          21%         2
 Ensorcelled Hibernation  Hex/Ice        20%          21%         2
 Passwall                 Tmut/Erth      8%           21%         2
 Searing Ray              Conj           20%          21%         2
 Slow                     Hex            10%          21%         2
 Sublimation of Blood     Necr           5%           21%         2
 Confusing Touch          Hex            10%          36%         3
 Conjure Flame            Conj/Fire      10%          36%         3
 Dazzling Flash           Conj/Hex       20%          36%         3
 Gell's Gravitas          Tloc           5%           36%         3
 Ignite Poison            Fire/Tmut/Pois 10%          36%         3
 Inner Flame              Hex/Fire       10%          36%         3
 Lesser Beckoning         Tloc           5%           36%         3
 Mephitic Cloud           Conj/Pois/Air  10%          36%         3
 Portal Projectile        Hex/Tloc       20%          36%         3
 Static Discharge         Conj/Air       10%          36%         3
 Stone Arrow              Conj/Erth      20%          36%         3
 Teleport Other           Tloc           10%          36%         3
 Tukima's Dance           Hex            10%          36%         3
 Airstrike                Air            5%           75%         4
 Animate Dead             Necr           5%           75%         4
 Cause Fear               Hex            5%           75%         4
 Iskenderun's Mystic Bla  Conj/Tloc      10%          75%         4
 Leda's Liquefaction      Hex/Erth       5%           75%         4
 Petrify                  Tmut/Erth      10%          75%         4
 Sticky Flame             Conj/Fire      10%          75%         4
 Summon Lightning Spire   Summ/Air       10%          75%         4
 Agony                    Necr           10%          97%         5
 Alistair's Intoxication  Tmut/Pois      6%           97%         5
 Bolt of Magma            Conj/Fire/Erth 5%           97%         5
 Borgnjor's Vile Clutch   Necr/Erth      5%           97%         5
 Excruciating Wounds      Necr           5%           97%         5
 Fireball                 Conj/Fire      5%           97%         5
 Iskenderun's Battlesphe  Conj           10%          97%         5
 Lee's Rapid Deconstruct  Erth           5%           97%         5
 Lightning Bolt           Conj/Air       5%           97%         5
 Metabolic Englaciation   Hex/Ice        5%           97%         5
 Silence                  Hex/Air        5%           97%         5
 Summon Mana Viper        Hex/Summ       10%          97%         5
 Yara's Violent Unravell  Hex/Tmut       5%           97%         5
 Conjure Ball Lightning   Conj/Air       5%           100%        6
 Death Channel            Necr           5%           100%        6
 Dispersal                Tloc           5%           100%        6
 Freezing Cloud           Conj/Ice/Air   5%           100%        6
 Invisibility             Hex            10%          100%        6
 Iron Shot                Conj/Erth      5%           100%        6
 Simulacrum               Ice/Necr       5%           100%        6
 Starburst                Conj/Fire      5%           100%        6
 Statue Form              Tmut/Erth      6%           100%        6
 Malign Gateway           Summ/Tloc      5%           100%        7
 Monstrous Menagerie      Summ           5%           100%        7
 Orb of Destruction       Conj           5%           100%        7
 Spellforged Servitor     Conj/Summ      5%           100%        7
 Summon Greater Demon     Summ           5%           100%        7
 Chain Lightning          Conj/Air       5%           100%        8
 Discord                  Hex            5%           100%        8
 Ignition                 Fire           5%           100%        8
 Lehudib's Crystal Spear  Conj/Erth      5%           100%        8
 Necromutation            Tmut/Necr      5%           100%        8
 Summon Horrible Things   Summ           5%           100%        8
 Absolute Zero            Ice            5%           100%        9
 Fire Storm               Conj/Fire      5%           100%        9
 Shatter                  Erth           5%           100%        9
 Tornado                  Air            5%           100%        9


Dungeon Overview and Level Annotations

Branches:
Dungeon (15/15)            Temple (1/1) D:6            Lair (6/6) D:11
  Swamp (4/4) Lair:2        Snake (4/4) Lair:3        Slime (0/5) Lair:5
    Orc (2/2) D:9             Elf (3/3) Orc:2        Vaults (5/5) D:13
  Crypt (3/3) Vaults:2       Tomb (2/3) Crypt:3      Depths (5/5) D:15
   Hell (visited)             Dis (0/7) Hell            Geh (0/7) Hell
    Coc (0/7) Hell            Tar (0/7) Hell            Zot (0/5) Depths:5
  IceCv (visited)         Volcano (visited)          WizLab (visited)
Desolation (visited)      Gauntlet (visited)

Altars:
Ashenzari
Cheibriados
Dithmenos
Elyvilon
Fedhas
Gozag
Hepliaklqana
Kikubaaqudgha
Makhleb
Nemelex Xobeh
Okawaru
Qazlal
Ru
Sif Muna
Trog
Uskayaw
Vehumet
Wu Jian
Xom
Yredelemnul
Zin
The Shining One
Beogh
Jiyva

Shops:
Orc:2 (*[(   Elf:1 :   Elf:2 }(*!   Elf:3 =   Lair:1 (((([[!:[[[
Snake:3 !(}*[   Vaults:3 =   Depths:4 *

Portals:
Hell: Depths:1 Depths:2 Depths:3 Depths:4 Depths:5
Abyss: Depths:4
Pandemonium: Depths:2 Depths:3
Ziggurat: Depths:5


Innate Abilities, Weirdness & Mutations

You have claws for hands.
You are completely covered in large bone plates. (SH +8)
Your flesh is cold resistant. (rC+)
A frigid envelope surrounds you and freezes all who hurt you.
You regenerate a lot of health from kills.
You are powered by pain.
You are immune to freezing clouds.
Your mind is acute. (Int +2)
You are robust. (+10% HP)
You are weak. (Str -2)
Your spells are a little harder to cast, but a little more powerful.


Message History

The vile air hits the mummy!
The mummy is destroyed!
The vile air hits you but does no damage.
There is a one-way staircase leading up, spattered with blood here.
You feel much better.
You are engulfed in dark miasma.
You feel as though you will be slow longer.
* * * LOW HITPOINT WARNING * * *
You feel extremely sick.
The ushabti becomes distracted by the nearby gold, dreaming of imaginary riches.
Unknown command.
You are engulfed in dark miasma.
You are more poisoned.
* * * LOW HITPOINT WARNING * * *
x2 You feel extremely sick.
The ushabti is no longer distracted by gold.
The anaconda simulacrum becomes distracted by the nearby gold, dreaming of imaginary riches.
The ushabti shakes and rattles deafeningly!
A mysterious force pulls you upwards. The hatch slams shut behind you.
You die...
Your body crumbles into a pile of gold.

....# #.........#
..8.# #.........#
....# #.........#
....# #.........#
..8.# #.........#
....# #.........#
'''## #.........#
....##############
#.........#
......#.....#...@#
#.........#
......#...^.#..[[#
#.........#
...8..#..#..#....#
#.........#
......#..#..#....#
#...^.....#
......#..#..##''##
#.........#
[..8..#..#..#....#
#.........#
......#..#..#....#
#.........#
......#..#..#...8#
#.........#
...8..#..#.......#
#.........#


There were no monsters in sight!

Vanquished Creatures
  Mara (Vaults:3)
  Mennas (Crypt:2)
  6 royal mummies
  Sojobo (Vaults:3)
  Frederick (Depths:4)
  Margery (Vaults:4)
  Saint Roka (Vaults:4)
  Geryon (Hell)
  6 golden dragons
  4 liches
  2 tentacled monstrosities
  2 deep elf blademasters
  Asterion (Depths:2)
  5 titans
  A deep elf master archer (Elf:3)
  9 sphinxes
  Kirke (D:13)
  Agnes (Elf:2)
  6 ancient champions
  4 shadow dragons
  A thorn hunter (Swamp:3)
  4 storm dragons
  11 tengu reavers
  A draconian monk (Depths:5)
  Donald (Vaults:3)
  3 revenants
  8 deep elf sorcerers
  7 nagarajas
  The ghost of manyhoops the Transmogrifier, a journeyman PaTm of Uskayaw (D:13)
  A draconian knight (Depths:5)
  7 fire giants
  9 frost giants
  4 balrugs
  3 imperial myrmidons (Desolation)
  An orc warlord (Orc:2)
  Aizul (Depths:2)
  A draconian stormcaller (Depths:5)
  21 vault wardens
  A juggernaut zombie (Hell)
  A curse skull (Crypt:1)
  3 ghouls (Crypt:3)
  An angel (Depths:4)
  2 cacodemons
  16 stone giants
  4 reapers (Hell)
  4 deep elf elementalists
  A juggernaut skeleton (Depths:3)
  15 ironheart preservers
  23 very ugly things
  3 war gargoyles (Vaults:5)
  22 vampire knights
  8 deep elf demonologists
  4 bennus
  2 entropy weavers
  4 bunyips
  A lorocyproca (Hell)
  9 deep elf annihilators
  5 eidola
  A black draconian (Depths:5)
  A red draconian (Volcano)
  A minotaur (Gauntlet)
  An orange crystal statue (WizLab)
  2 purple draconians (Depths:5)
  A halazid warlock (Desolation)
  A white draconian (Depths:5)
  7 spark wasps
  3 green deaths
  3 quicksilver dragon zombies
  11 ettins
  13 jiangshi
  5 eleionomae
  2 blizzard demons (Hell)
  2 crystal guardians
  15 deep elf death magi
  An eleionoma (shapeshifter) (Vaults:3)
  6 ragged hierophants (Desolation)
  9 mummy priests
  7 deep elf high priests
  12 fire dragons
  14 yaktaur captains
  9 great orbs of eyes
  7 ice dragons
  13 ogre magi
  6 boulder beetles
  44 vault guards
  23 naga warriors
  3 rakshasas
  4 spriggan air magi
  9 peacekeepers (Desolation)
  10 servants of whispers (Desolation)
  16 centaur warriors
  3 ghost crabs
  11 hydras
  4 death knights
  A two-headed ogre (shapeshifter) (Depths:4)
  46 two-headed ogres
  11 anacondas
  9 deep troll shamans
  8 alligators
  8 deep troll earth magi
  43 death scarabs
  4 tengu warriors
  4 death yaks
  Urug (D:13)
  3 orc high priests
  9 vampire magi
  4 spriggan berserkers
  10 hell knights
  5 soul eaters
  9 shock serpents
  A titan zombie (D:15)
  2 iron trolls (Depths:4)
  24 deep elf knights
  7 sun demons
  13 naga sharpshooters
  4 titan skeletons
  A storm dragon zombie (Crypt:3)
  A ghost moth zombie (Crypt:1)
  A sixfirhy (Hell)
  6 glowing orange brains
  A golden dragon zombie (Crypt:2)
  2 shadow wraiths
  42 skeletal warriors
  An anaconda zombie (Crypt:2)
  4 goliath frogs
  39 deep trolls
  A shadow demon (Tomb:1)
  11 naga ritualists
  5 spriggan druids
  9 bog bodies
  4 unseen horrors
  3 sea snakes (Snake:3)
  24 ironbrand convokers
  5 flayed ghosts
  10 swamp dragons
  21 deep elf archers
  2 tengu zombies
  28 phantasmal warriors
  A lindwurm (Lair:6)
  7 harpies
  16 necromancers
  A wolf spider zombie (Crypt:3)
  10 wizards
  An anaconda skeleton (Hell)
  A wolf spider (shapeshifter) (Vaults:5)
  14 orc knights
  14 mana vipers
  45 ugly things
  3 iron dragon zombies
  8 stone giant zombies
  A salamander (shapeshifter) (D:14)
  4 wolf spiders
  3 fire giant zombies
  4 orc sorcerers
  A manticore (D:14)
  A sphinx skeleton (Vaults:2)
  3 frost giant zombies
  64 deep elf magi
  8 salamanders
  A stone giant skeleton (Crypt:1)
  9 cyclopes
  An eleionoma zombie (Crypt:3)
  A moth of wrath (shapeshifter) (Elf:2)
  2 frost giant skeletons (Vaults:2)
  40 black mambas
  A guardian serpent (shapeshifter) (Vaults:3)
  10 guardian serpents
  4 molten gargoyles
  2 rust devils (Depths:3)
  A smoke demon (Hell)
  2 spriggan zombies
  21 elephants
  2 centaur zombies
  30 naga magi
  5 ice statues (IceCv)
  11 vault sentinels
  A fire giant skeleton (Crypt:3)
  A dire elephant zombie (Crypt:3)
  6 gargoyles
  2 centaur skeletons (D:14)
  5 orange demons
  7 cane toads
  4 yaktaur zombies (Hell)
  57 yaktaurs
  8 komodo dragons
  A tormentor (Depths:3)
  A hellion (Hell)
  A shock serpent skeleton (Crypt:1)
  7 freezing wraiths
  2 catoblepas zombies
  2 rime drakes (Lair:2)
  An efreet (D:13)
  A hellwing (Depths:2)
  9 ice devils
  15 guardian mummies
  A grey draconian skeleton (Crypt:2)
  7 human skeletons (Vaults:2)
  2 anaconda simulacra (IceCv)
  A minotaur skeleton (Crypt:3)
  8 red devils
  3 tengu conjurers (D:14)
  A troll (shapeshifter) (Depths:3)
  A jumping spider (shapeshifter) (Vaults:1)
  A green draconian skeleton (Crypt:2)
  2 hydra zombies (Hell)
  2 yaktaur skeletons (Vaults:2)
  2 queen bees (shapeshifter)
  8 trolls
  A jumping spider (Vaults:3)
  12 hornets
  3 polar bears
  54 saltlings (Desolation)
  31 slime creatures
  6 blink frogs
  11 tyrant leeches
  2 harpy zombies
  A dream sheep (shapeshifter) (D:14)
  A guardian serpent zombie (Crypt:3)
  2 ice dragon zombies (Hell)
  A fire dragon zombie (Hell)
  4 ettin zombies
  An alligator zombie (Hell)
  2 alligator skeletons (Hell)
  3 centaur simulacra (Gauntlet)
  6 flying skulls (Tomb:1)
  9 water elementals
  4 redbacks
  2 air elementals
  An ice dragon skeleton (D:15)
  2 shadows
  6 wyverns
  12 spriggans
  2 small abominations (Swamp:4)
  A satyr skeleton (Crypt:1)
  39 yaks
  A hog (D:13)
  A tarantella (Vaults:1)
  7 fire elementals
  5 ettin skeletons
  3 steam dragons
  3 ushabtiu
  3 dire elephant simulacra (IceCv)
  13 wraiths
  A basilisk (Lair:6)
  2 yaktaur simulacra
  A basilisk (shapeshifter) (Vaults:2)
  A neqoxec (Depths:2)
  4 vampire mosquitoes (D:14)
  An iron troll simulacrum (IceCv)
  35 nagas
  12 water moccasins
  A swamp worm (shapeshifter) (Vaults:2)
  2 cane toad zombies (Hell)
  A warg (shapeshifter) (Depths:3)
  A harpy simulacrum (IceCv)
  3 acid dragons
  2 hydra simulacra (IceCv)
  17 swamp worms
  An infernal demonspawn zombie (Crypt:1)
  4 wargs
  3 large abominations
  9 hell hounds
  A swamp drake (Swamp:2)
  A deep troll skeleton (Crypt:3)
  15 ice beasts
  54 orc warriors
  2 eyes of draining
  A fire dragon simulacrum (Crypt:1)
  3 sky beasts
  6 necrophages
  16 boggarts
  37 ogres
  5 phantoms
  A snapping turtle zombie (Crypt:2)
  An elf skeleton (Vaults:2)
  5 wolves (Lair:6)
  17 centaurs
  4 elf zombies
  A big kobold (Depths:3)
  A cane toad simulacrum (Hell)
  19 bullfrogs
  2 earth elementals (Elf:2)
  Blork the orc (D:4)
  2 wyvern zombies
  A wyvern skeleton (D:13)
  5 scorpions
  12 wights
  10 howler monkeys
  12 electric eels
  6 lava snakes
  2 wyvern simulacra (Gauntlet)
  A quasit (D:9)
  2 bullfrog zombies
  7 hounds
  2 human simulacra (Vaults:2)
  34 orc priests
  Crazy Yiuf (D:4)
  An iron imp (Depths:2)
  5 jellies
  4 bullfrog skeletons
  A black bear skeleton (Crypt:3)
  7 iguanas
  32 orc wizards
  10 worker ants
  A hound zombie (D:11)
  An ogre skeleton (Crypt:1)
  A tengu skeleton (Crypt:1)
  29 mummies
  A howler monkey zombie (D:7)
  2 worker ant zombies
  Robin (D:4)
  4 gnolls
  9 adders
  A river rat (D:4)
  3 shadow imps
  4 white imps
  2 ufetubi
  2 adder zombies
  A worm (D:3)
  4 dart slugs
  5 leopard geckos
  130 orcs
  7 giant cockroaches
  18 hobgoblins
  19 jackals
  8 kobolds
  8 quokkas
  2 ball pythons
  6 bats
  4 frilled lizards
  A frilled lizard skeleton (Crypt:3)
  A frilled lizard zombie (Crypt:2)
  20 goblins
  An orc skeleton (Crypt:2)
  A quokka skeleton (D:4)
  11 rats
2533 creatures vanquished.

Vanquished Creatures (others)
  2 nagarajas (Snake:4)
  3 naga warriors (Snake:4)
  27 dancing weapons
  A death yak (D:11)
  4 naga sharpshooters (Snake:4)
  A salamander (Snake:4)
  2 naga magi (Snake:4)
  A bloated husk (Swamp:2)
  A spriggan (Swamp:4)
  5 humans (D:13)
  9 nagas (Snake:4)
  A swamp worm (Swamp:2)
  2 boggarts
  2 orc wizards
  A mummy (Tomb:2)
  An adder (D:7)
  A shadow imp (D:10)
  3 orcs (Vaults:4)
  A quokka (D:6)
  A rat (D:3)
  17 fungi
  2 pillars of salt (Vaults:1)
  44 plants
132 creatures vanquished.

Grand Total: 2665 creatures vanquished

Notes
Turn   | Place    | Note
-------+----------+-------------------------------------------
     0 | D:1      | diana the Demonspawn Gladiator began the quest for the Orb.
     0 | D:1      | Reached XP level 1. HP: 16/16 MP: 1/1
    31 | D:1      | Gained mutation: You sometimes gain a little power by
                  | taking damage. [demonic ancestry]
    31 | D:1      | Reached XP level 2. HP: 17/22 MP: 2/2
   250 | D:1      | Gained mutation: You have sharp fingernails. [demonic
                  | ancestry]
   250 | D:1      | Reached XP level 3. HP: 22/28 MP: 3/3
  1137 | D:2      | Reached XP level 4. HP: 34/34 MP: 4/4
  1285 | D:2      | Reached skill level 3 in Fighting
  1880 | D:2      | You fall into a shaft and drop 1 floor!
  1880 | D:3      | Found a white marble altar of Elyvilon.
  1917 | D:3      | Reached skill level 1 in Armour
  2829 | D:2      | Gained mutation: You regenerate a little health from kills.
                  | [demonic ancestry]
  2829 | D:2      | Reached XP level 5. HP: 33/41 MP: 5/5
  3517 | D:4      | Noticed Robin
  3551 | D:4      | Killed Robin
  3748 | D:4      | Reached XP level 6. HP: 36/48 MP: 6/6
  3783 | D:4      | Reached skill level 4 in Fighting
  3785 | D:4      | Gained mutation: You have a pair of small antennae on your
                  | head. [potion of mutation]
  3785 | D:4      | Gained mutation: You have large cloven feet. [potion of
                  | mutation]
  3816 | D:4      | Lost mutation: You have a pair of small antennae on your
                  | head. [potion of mutation]
  3816 | D:4      | Gained mutation: You evolve. [potion of mutation]
  3816 | D:4      | Gained mutation: Your natural rate of healing is unusually
                  | fast. [potion of mutation]
  3816 | D:4      | Gained mutation: Your system is resistant to poisons.
                  | (rPois) [potion of mutation]
  4350 | D:4      | Gained mutation: You are agile. (Dex +2) [evolution]
  4390 | D:4      | Reached skill level 1 in Shields
  4496 | D:3      | Reached skill level 5 in Long Blades
  4942 | D:4      | Noticed Blork the orc
  4954 | D:4      | Killed Blork the orc
  4955 | D:4      | Reached skill level 5 in Fighting
  4955 | D:4      | Reached XP level 7. HP: 29/56 MP: 7/7
  5223 | D:4      | Found a runed translucent door.
  5224 | D:4      | Noticed Crazy Yiuf
  5232 | D:4      | Killed Crazy Yiuf
  5310 | D:5      | Entered Level 5 of the Dungeon
  5351 | D:4      | Reached skill level 6 in Fighting
  5517 | D:5      | Reached XP level 8. HP: 61/65 MP: 8/8
  6185 | D:6      | Found a staircase to the Ecumenical Temple.
  6192 | Temple   | Entered the Ecumenical Temple
  6377 | Temple   | Became a worshipper of Gozag Ym Sagoz the Greedy
  6485 | D:6      | Found a glowing golden altar of the Shining One.
  6627 | D:6      | Lost mutation: You have large cloven feet. [evolution]
  6649 | D:6      | Reached skill level 7 in Fighting
  6945 | D:6      | Found a white marble altar of Elyvilon.
  7001 | D:6      | Reached skill level 8 in Fighting
  7295 | D:7      | Gained mutation: You regenerate health from kills. [demonic
                  | ancestry]
  7295 | D:7      | Reached XP level 9. HP: 65/75 MP: 9/9
  7485 | D:7      | Reached skill level 9 in Fighting
  7682 | D:7      | Got a flickering steel ring
  7683 | D:7      | Identified the ring "Roaroihe" {*Corrode +Inv MP+9 Str+6
                  | Dex+2} (You found it on level 7 of the Dungeon)
  7766 | D:7      | Found an ancient bone altar of Kikubaaqudgha.
  7901 | D:7      | Found a snail-covered altar of Cheibriados.
  7912 | D:7      | Found a shimmering altar of Xom.
  7931 | D:7      | Found an ornate altar of the Wu Jian Council.
  8419 | D:8      | Reached skill level 10 in Fighting
  8742 | D:8      | Got a smouldering hat
  8753 | D:8      | Identified the cursed -3 hat of Bycyel {*Contam rN+ SInv}
                  | (You found it on level 8 of the Dungeon)
  8791 | D:8      | Gained mutation: You are dopey. (Int -2) [mutagenic glow]
  9503 | D:8      | Lost mutation: You evolve. [potion of mutation]
  9503 | D:8      | Lost mutation: You are agile. (Dex +2) [potion of mutation]
  9503 | D:8      | Lost mutation: You are dopey. (Int -2) [potion of mutation]
  9503 | D:8      | Gained mutation: You are weak. (Str -2) [potion of
                  | mutation]
  9503 | D:8      | Gained mutation: You tend to lose your temper in combat.
                  | [potion of mutation]
  9503 | D:8      | Gained mutation: Scrolls take you a little longer to read.
                  | [potion of mutation]
  9503 | D:8      | Gained mutation: Your flesh is cold resistant. (rC+)
                  | [potion of mutation]
  9504 | D:8      | Lost mutation: Your natural rate of healing is unusually
                  | fast. [potion of mutation]
  9504 | D:8      | Lost mutation: Scrolls take you a little longer to read.
                  | [potion of mutation]
  9504 | D:8      | Gained mutation: Potions are less effective at restoring
                  | your health. [potion of mutation]
  9504 | D:8      | Gained mutation: Your spells are a little harder to cast,
                  | but a little more powerful. [potion of mutation]
  9504 | D:8      | Gained mutation: You have large cloven feet. [potion of
                  | mutation]
  9806 | D:9      | Gained mutation: You are partially covered in large bone
                  | plates. (SH +4) [demonic ancestry]
  9806 | D:9      | Reached XP level 10. HP: 84/86 MP: 10/10
  9852 | D:9      | Noticed a gargoyle
  9866 | D:9      | Noticed a gargoyle
 10026 | D:9      | Reached skill level 11 in Fighting
 10538 | D:9      | Killed a gargoyle
 10581 | D:9      | Killed a gargoyle
 10832 | D:9      | Noticed a two-headed ogre
 10841 | D:9      | Killed a two-headed ogre
 10842 | D:9      | Reached skill level 12 in Fighting
 10977 | D:9      | Found a staircase to the Orcish Mines.
 11084 | D:9      | Reached XP level 11. HP: 75/96 MP: 11/11
 11202 | D:10     | Entered Level 10 of the Dungeon
 11964 | D:10     | Reached skill level 13 in Fighting
 13060 | D:11     | Noticed a death yak
 13065 | D:11     | Noticed a death yak
 13075 | D:11     | Noticed a death yak
 13083 | D:11     | Killed a death yak
 13108 | D:11     | Killed a death yak
 13109 | D:11     | Reached skill level 10 in Long Blades
 13635 | D:11     | Killed a death yak
 13770 | D:11     | Found a staircase to the Lair.
 13859 | D:11     | Reached skill level 14 in Fighting
 14027 | D:11     | Found a roughly hewn altar of Beogh.
 14432 | D:12     | Got a slimy copper ring
 15239 | D:12     | Noticed a cyan ugly thing
 15326 | Lair:1   | Entered Level 1 of the Lair of Beasts
 15354 | Lair:1   | Identified the ring "Noaggic" {*Contam +Blink rPois rC-
                  | Stlth-} (You found it on level 12 of the Dungeon)
 15363 | Lair:1   | Found a shadowy altar of Dithmenos.
 16381 | Lair:2   | Noticed a five-headed hydra
 16524 | Orc:1    | Entered Level 1 of the Orcish Mines
 16532 | Orc:1    | Reached XP level 12. HP: 92/108 MP: 12/12
 16537 | Orc:1    | Noticed a two-headed ogre
 16552 | Orc:1    | Killed a two-headed ogre
 16671 | Orc:2    | Entered Level 2 of the Orcish Mines
 16683 | Orc:2    | Found a staircase to the Elven Halls.
 16692 | Orc:2    | Found a dark tunnel.
 16705 | Volcano  | Entered a volcano
 16732 | Volcano  | Noticed a two-headed ogre
 16737 | Volcano  | Killed a two-headed ogre
 16820 | Volcano  | Noticed a two-headed ogre
 16821 | Volcano  | Noticed an ogre mage
 16821 | Volcano  | Noticed a two-headed ogre
 16827 | Volcano  | Killed a two-headed ogre
 16828 | Volcano  | Reached skill level 15 in Fighting
 16832 | Volcano  | Killed an ogre mage
 16837 | Volcano  | Killed a two-headed ogre
 16850 | Volcano  | Noticed a two-headed ogre
 16857 | Volcano  | Killed a two-headed ogre
 17059 | Volcano  | Noticed a red draconian
 17059 | Volcano  | Noticed a two-headed ogre
 17071 | Volcano  | Killed a two-headed ogre
 17086 | Volcano  | Killed a red draconian
 17352 | Orc:2    | Found a roughly hewn altar of Beogh.
 17600 | Orc:2    | Found a roughly hewn altar of Beogh.
 17678 | Orc:2    | Found a roughly hewn altar of Beogh.
 17684 | Orc:2    | Noticed an orc high priest
 17700 | Orc:2    | Killed an orc high priest
 17727 | Orc:2    | Found Gaonarru's Assorted Antiques.
 17740 | Orc:2    | Bought a scroll of teleportation for 111 gold pieces
 17740 | Orc:2    | Bought a potion of mutation for 296 gold pieces
 17740 | Orc:2    | Bought a scroll of identify for 74 gold pieces
 17740 | Orc:2    | Lost mutation: You have large cloven feet. [potion of
                  | mutation]
 17740 | Orc:2    | Lost mutation: You tend to lose your temper in combat.
                  | [potion of mutation]
 17740 | Orc:2    | Gained mutation: You have a pair of small horns on your
                  | head. [potion of mutation]
 17740 | Orc:2    | Gained mutation: You expend magic power (3 MP) to
                  | strengthen your wands. [potion of mutation]
 17900 | Orc:2    | Found a roughly hewn altar of Beogh.
 18062 | Orc:2    | Noticed an orc warlord
 18068 | Orc:2    | Noticed an orc high priest
 18077 | Orc:2    | Killed an orc warlord
 18078 | Orc:2    | Reached skill level 16 in Fighting
 18293 | Orc:2    | Killed an orc high priest
 18644 | Orc:2    | Found Herumer's Antique Armour Boutique.
 18648 | Orc:2    | Found a roughly hewn altar of Beogh.
 18657 | Orc:2    | Found Ysaaps's Antique Weapon Shop.
 18778 | Orc:2    | Found a roughly hewn altar of Beogh.
 18836 | Orc:2    | Found Illuinky's Weapon Shop.
 18881 | Orc:2    | Bought a scorched buckler for 304 gold pieces
 18908 | Orc:2    | Found a roughly hewn altar of Beogh.
 18920 | Orc:2    | Identified the +1 buckler of the Stag {Harm rC- Str+7 SInv}
                  | (You bought it in a shop on level 2 of the Orcish Mines)
 19108 | Orc:1    | Gained mutation: You regenerate a lot of health from kills.
                  | [demonic ancestry]
 19108 | Orc:1    | Reached XP level 13. HP: 116/119 MP: 13/13
 19985 | Lair:1   | Bought a pair of runed gloves for 247 gold pieces
 19990 | Lair:1   | Bought a pair of runed boots for 247 gold pieces
 20000 | Lair:1   | Identified a +1 pair of boots of running (You bought it in
                  | a shop on level 1 of the Lair of Beasts)
 20000 | Lair:1   | Bought a transparent chain mail for 313 gold pieces
 20010 | Lair:1   | Identified the +1 chain mail "Atuan" {rElec rPois rC+
                  | Stlth-} (You bought it in a shop on level 1 of the Lair of
                  | Beasts)
 20725 | D:13     | Noticed Urug
 20735 | D:13     | Killed Urug
 20736 | D:13     | Reached skill level 17 in Fighting
 20740 | D:13     | Lost mutation: You have a pair of small horns on your head.
                  | [potion of mutation]
 20740 | D:13     | Lost mutation: You are weak. (Str -2) [potion of mutation]
 20740 | D:13     | Lost mutation: Your system is resistant to poisons. (rPois)
                  | [potion of mutation]
 20740 | D:13     | Lost mutation: You expend magic power (3 MP) to strengthen
                  | your wands. [potion of mutation]
 20740 | D:13     | Gained mutation: You have large cloven feet. [potion of
                  | mutation]
 20740 | D:13     | Gained mutation: Your mind is acute. (Int +2) [potion of
                  | mutation]
 20741 | D:13     | Lost mutation: Your spells are a little harder to cast, but
                  | a little more powerful. [potion of mutation]
 20741 | D:13     | Lost mutation: Your flesh is cold resistant. (rC+) [potion
                  | of mutation]
 20741 | D:13     | Lost mutation: Your mind is acute. (Int +2) [potion of
                  | mutation]
 20741 | D:13     | Lost mutation: Potions are less effective at restoring your
                  | health. [potion of mutation]
 20741 | D:13     | Gained mutation: You have very sharp fingernails. [potion
                  | of mutation]
 20741 | D:13     | Gained mutation: Your magical capacity is low. (-10% MP)
                  | [potion of mutation]
 20741 | D:13     | Gained mutation: You expend magic power (3 MP) to
                  | strengthen your wands. [potion of mutation]
 21016 | D:13     | Found a gate to the Vaults.
 21540 | D:13     | Found a runed translucent door.
 21541 | D:13     | Noticed manyhoops's ghost (journeyman PaTm)
 21543 | D:13     | Noticed Kirke
 21566 | D:13     | Killed Kirke
 21731 | D:13     | Reached skill level 18 in Fighting
 22489 | Lair:2   | Found a staircase to the Swamp.
 22559 | Lair:2   | Mutation became permanent: You have sharp fingernails.
                  | [demonic ancestry]
 22559 | Lair:2   | Gained mutation: You have very sharp fingernails. [demonic
                  | ancestry]
 22559 | Lair:2   | Reached XP level 14. HP: 108/130 MP: 12/12
 23753 | Lair:3   | Found a staircase to the Snake Pit.
 25850 | Lair:5   | Reached skill level 19 in Fighting
 25942 | Lair:5   | Found a staircase to the Slime Pits.
 25942 | Lair:5   | Found a viscous altar of Jiyva.
 26329 | Lair:6   | Entered Level 6 of the Lair of Beasts
 26393 | Lair:6   | Found a gate leading to a gauntlet.
 26425 | Gauntlet | Entered a Gauntlet
 26425 | Gauntlet | Found a transporter.
 26425 | Gauntlet | Found a transporter.
 26425 | Gauntlet | Found a transporter.
 26466 | Gauntlet | Found a transporter.
 26466 | Gauntlet | Found a transporter.
 26480 | Gauntlet | Found a transporter.
 26481 | Gauntlet | Found a transporter.
 26490 | Gauntlet | Found a transporter.
 26583 | Gauntlet | Found a transporter.
 26593 | Gauntlet | Found a transporter.
 26595 | Gauntlet | Found a transporter.
 26605 | Gauntlet | Found a transporter.
 26715 | Gauntlet | Got a warped turquoise ring
 26717 | Gauntlet | Identified the cursed ring "Borax" {rC+ AC-4 Dex-4 Stlth+}
                  | (You found it in a Gauntlet)
 26807 | Gauntlet | Found the +5 robe of Night {Dark Will+ SInv}
 26919 | Gauntlet | Identified the Volume of Enchantment and the Arsonist
 27129 | Lair:6   | Got a crude scale mail
 27641 | Lair:6   | Found a large runed translucent door.
 27652 | Lair:6   | Found a large runed translucent door.
 27728 | Lair:6   | Reached XP level 15. HP: 115/141 MP: 13/13
 28467 | Lair:1   | Identified the +4 scale mail of Syviroynk {rElec rN+++
                  | Str+2} (You found it on level 6 of the Lair of Beasts)
 28572 | Snake:1  | Entered Level 1 of the Snake Pit
 28617 | Snake:1  | Reached skill level 20 in Fighting
 28912 | Snake:1  | You fall into a shaft and drop 1 floor!
 29784 | Snake:2  | Noticed a nagaraja
 30522 | Snake:2  | Killed a nagaraja
 30823 | Snake:2  | Gained mutation: You have claws for hands. [demonic
                  | ancestry]
 30823 | Snake:2  | Reached XP level 16. HP: 124/150 MP: 14/14
 30954 | Snake:2  | Reached skill level 21 in Fighting
 31433 | Snake:3  | Reached skill level 5 in Dodging
 31863 | Snake:2  | Reached skill level 5 in Armour
 32641 | Snake:3  | Found Ityacy's Antique Armour Boutique.
 32656 | Snake:3  | Found Genn's Assorted Antiques.
 32656 | Snake:3  | Found Sowemog's Gadget Shop.
 32660 | Snake:3  | Found Yrhoumid's Antique Weapon Shop.
 32662 | Snake:3  | Bought a runed helmet for 225 gold pieces
 32701 | Snake:3  | Bought a faintly glowing cloak for 332 gold pieces
 32701 | Snake:3  | Bought a scroll of enchant armour for 262 gold pieces
 32701 | Snake:3  | Bought a scroll of enchant weapon for 262 gold pieces
 32711 | Snake:3  | Identified the +2 cloak of Hopscotch {rN+ rCorr Str+4} (You
                  | bought it in a shop on level 3 of the Snake Pit)
 32751 | Snake:3  | Found Fenopt's Distillery.
 34074 | Snake:4  | Entered Level 4 of the Snake Pit
 34245 | Snake:4  | Found a flickering gateway to a bazaar.
 34253 | Snake:4  | HP: 2/152 [something (20)]
 34254 | Bazaar   | Entered a bazaar
 34667 | Bazaar   | Found Gaifuf's Book Shoppe.
 34668 | Bazaar   | Found Hukkesan's Weapon Shoppe.
 34713 | Bazaar   | Found Metetakh's Antique Weapon Emporium.
 34714 | Bazaar   | Found Poj Ucoe's General Store.
 34737 | Bazaar   | Bought a scroll of enchant armour for 82 gold pieces
 34737 | Bazaar   | Bought a scroll of enchant weapon for 82 gold pieces
 34878 | Snake:4  | HP: 7/152 [nagaraja/poison arrow (13)]
 36253 | Snake:4  | Gained mutation: You are mostly covered in large bone
                  | plates. (SH +6) [demonic ancestry]
 36253 | Snake:4  | Reached XP level 17. HP: 158/158 MP: 15/15
 36491 | Snake:4  | Got a fine cloak
 36528 | Snake:4  | Identified the +2 cloak "Vauv Zay" {Rampage rCorr} (You
                  | found it on level 4 of the Snake Pit)
 36964 | Snake:4  | Got a serpentine rune of Zot
 37317 | Swamp:1  | Entered Level 1 of the Swamp
 37521 | Swamp:1  | Found a hide-covered altar of Uskayaw.
 40432 | Swamp:3  | Reached skill level 10 in Dodging
 40678 | Swamp:4  | Entered Level 4 of the Swamp
 41011 | Swamp:3  | Reached skill level 10 in Armour
 41753 | Swamp:4  | Gained mutation: You sometimes gain power by taking damage.
                  | [demonic ancestry]
 41753 | Swamp:4  | Reached XP level 18. HP: 168/168 MP: 16/16
 41988 | Swamp:4  | Noticed a tentacled monstrosity
 42340 | Swamp:4  | Killed a tentacled monstrosity
 42415 | Swamp:4  | Reached XP level 19. HP: 174/174 MP: 17/17
 42525 | Swamp:4  | Got a decaying rune of Zot
 42937 | Elf:1    | Entered Level 1 of the Elven Halls
 43186 | Elf:1    | You fall into a shaft and drop 1 floor!
 43186 | Elf:2    | Found a huge runed translucent gate.
 43186 | Elf:2    | Found a huge runed translucent gate.
 43186 | Elf:2    | Found a huge runed translucent gate.
 43186 | Elf:2    | Found a huge runed translucent gate.
 43186 | Elf:2    | Found a huge runed translucent gate.
 43205 | Elf:2    | Reached skill level 22 in Fighting
 43368 | Elf:2    | Found Goprum's Gadget Shoppe.
 43370 | Elf:2    | Found Evoig's Weapon Emporium.
 43374 | Elf:2    | Found Hetubo's General Store.
 43479 | Elf:2    | Bought a scroll of teleportation for 54 gold pieces
 43479 | Elf:2    | Bought a potion of haste for 180 gold pieces
 43941 | Elf:2    | Found Ovua's Distillery.
 43945 | Elf:2    | Bought a potion of heal wounds for 105 gold pieces
 43945 | Elf:2    | Bought a potion of heal wounds for 105 gold pieces
 44357 | Elf:2    | Paralysed by an orc sorcerer for 2 turns
 44529 | Elf:2    | Noticed Agnes
 44538 | Elf:2    | Killed Agnes
 45212 | Elf:1    | Found Nuzaul's Book Boutique.
 45619 | Elf:1    | Identified the Handbook of Sinister Magic
 45922 | Elf:3    | Entered Level 3 of the Elven Halls
 45983 | Elf:3    | Found a frozen archway.
 46002 | Elf:3    | Found Cycemyub's Jewellery Shoppe.
 46051 | IceCv    | Entered an ice cave
 47865 | Elf:2    | Gained mutation: Your flesh is cold resistant. (rC+)
                  | [demonic ancestry]
 47865 | Elf:2    | Reached XP level 20. HP: 178/184 MP: 18/18
 47991 | Elf:3    | Identified the +3 scale mail "Zouhosox" {rElec Int-5 Dex+8}
 47992 | Elf:3    | Identified the +8 falchion "Awkuc" {drain, rN+}
 48017 | Elf:3    | Reached skill level 5 in Throwing
 48374 | Elf:3    | Identified the +11 dagger "Jellyslayer" {pain, rF+ Int+5}
 48374 | Elf:3    | Identified the amulet "Yquedd" {Spirit rElec MP-9 Str+4}
 48602 | Elf:3    | Identified a scroll of acquirement
 48708 | Elf:3    | Identified the ring "Hemotwic" {+Inv Will++ Slay+4 Stlth-}
 48717 | Elf:3    | Identified the ring "Vugrazotz" {rC+ Dex+3 Stlth+}
 48910 | Elf:3    | Identified the +4 steam dragon scales "Byakkoy" {rF+ rC+}
 49090 | Elf:3    | Found the +2 hat of the Bear Spirit {Spirit, +Rage rN+
                  | Will++}
 49136 | Elf:3    | Identified Xepuhunt's Grimoire of Lightness
 49950 | Lair:1   | Acquired 633 gold pieces
 49990 | Lair:1   | Bought a potion of curing for 51 gold pieces
 49990 | Lair:1   | Bought a potion of curing for 51 gold pieces
 49990 | Lair:1   | Bought a potion of curing for 51 gold pieces
 50066 | D:13     | Killed manyhoops's ghost
 50131 | D:14     | Reached skill level 15 in Long Blades
 50562 | D:14     | Found an opulent altar of Gozag.
 50857 | D:15     | Entered Level 15 of the Dungeon
 50960 | D:15     | Found a staircase to the Depths.
 51815 | Vaults:1 | Entered Level 1 of the Vaults
 51891 | Vaults:1 | Found a ruined gateway.
 51911 | Desolati | Entered the Desolation of Salt
 51996 | Desolati | Reached skill level 23 in Fighting
 52042 | Desolati | Found the +7 sceptre of Torment {pain, torment}
 52056 | Desolati | Got a brightly glowing copper ring
 52060 | Desolati | Got a warped tin ring
 52063 | Desolati | Got a coiled iron ring
 52065 | Desolati | Identified the ring of Joy {*Contam rElec rPois MP+9} (You
                  | found it in the Desolation of Salt)
 52067 | Desolati | Identified the ring "Azemoul" {AC+4 Int+3} (You found it in
                  | the Desolation of Salt)
 52077 | Desolati | Gained mutation: Scrolls take you a little longer to read.
                  | [mutagenic glow]
 52079 | Desolati | Identified the ring of Vileed {MP+9 Dex+4} (You found it in
                  | the Desolation of Salt)
 52172 | Desolati | Reached skill level 10 in Throwing
 52251 | Desolati | Gained mutation: You are immune to freezing clouds.
                  | [demonic ancestry]
 52251 | Desolati | Reached XP level 21. HP: 169/192 MP: 15/18
 52329 | Desolati | Identified the Incunabulum of Unstable Feathers
 52382 | Desolati | Found the +9 sword of Zonguldrok {reap}
 52453 | Desolati | Identified the amulet "Rurehura" {Spirit +Inv rPois Str-3}
                  | (You found it in the Desolation of Salt)
 54907 | Vaults:2 | Reached XP level 22. HP: 202/202 MP: 19/19
 55653 | Vaults:2 | Reached skill level 24 in Fighting
 56061 | Vaults:2 | Found a staircase to the Crypt.
 56394 | Vaults:3 | Noticed Mara
 56396 | Vaults:3 | Noticed diana's illusion
 56403 | Vaults:3 | Killed Mara
 56442 | Vaults:3 | Reached skill level 15 in Throwing
 56508 | Vaults:3 | Noticed Donald
 56517 | Vaults:3 | Killed Donald
 57158 | Vaults:3 | Found Fioz's Jewellery Emporium.
 57191 | Vaults:3 | Bought the amulet of Rogo {Reflect rF+ rN+ Str-3 Dex+7
                  | SH+5} for 679 gold pieces
 57395 | Vaults:3 | Noticed Sojobo
 58034 | Vaults:3 | Gained mutation: A frigid envelope surrounds you and
                  | freezes all who hurt you. [demonic ancestry]
 58034 | Vaults:3 | Reached XP level 23. HP: 211/211 MP: 18/20
 58419 | Vaults:4 | Noticed Saint Roka
 58434 | Vaults:4 | Killed Saint Roka
 58446 | Vaults:4 | Noticed Margery
 58459 | Vaults:4 | Killed Margery
 58460 | Vaults:4 | Reached skill level 25 in Fighting
 59134 | Vaults:4 | Lost mutation: Scrolls take you a little longer to read.
                  | [potion of mutation]
 59134 | Vaults:4 | Lost mutation: Your magical capacity is low. (-10% MP)
                  | [potion of mutation]
 59134 | Vaults:4 | Gained mutation: Armour fits poorly on your strangely
                  | shaped body. [potion of mutation]
 59134 | Vaults:4 | Gained mutation: You are weak. (Str -2) [potion of
                  | mutation]
 59134 | Vaults:4 | Gained mutation: You are somewhat resistant to further
                  | mutation. [potion of mutation]
 59201 | Vaults:3 | Killed Sojobo
 59438 | Swamp:4  | Lost mutation: You have large cloven feet. [potion of
                  | mutation]
 59438 | Swamp:4  | Lost mutation: You are somewhat resistant to further
                  | mutation. [potion of mutation]
 59438 | Swamp:4  | Lost mutation: You expend magic power (3 MP) to strengthen
                  | your wands. [potion of mutation]
 59438 | Swamp:4  | Lost mutation: You are weak. (Str -2) [potion of mutation]
 59438 | Swamp:4  | Gained mutation: Your spells are a little easier to cast,
                  | but a little less powerful. [potion of mutation]
 59438 | Swamp:4  | Gained mutation: You have supernaturally acute eyesight.
                  | (SInv) [potion of mutation]
 59438 | Swamp:4  | Gained mutation: You are robust. (+10% HP) [potion of
                  | mutation]
 59439 | Swamp:4  | Lost mutation: You have supernaturally acute eyesight.
                  | (SInv) [potion of mutation]
 59439 | Swamp:4  | Gained mutation: You are somewhat resistant to further
                  | mutation. [potion of mutation]
 59439 | Swamp:4  | Gained mutation: You have a pair of small antennae on your
                  | head. [potion of mutation]
 59709 | Snake:3  | Bought a potion of mutation for 128 gold pieces
 59709 | Snake:3  | Lost mutation: Your spells are a little easier to cast, but
                  | a little less powerful. [potion of mutation]
 59709 | Snake:3  | Lost mutation: You are robust. (+10% HP) [potion of
                  | mutation]
 59709 | Snake:3  | Lost mutation: You have a pair of small antennae on your
                  | head. [potion of mutation]
 60527 | Depths:1 | Entered Level 1 of the Depths
 61082 | Depths:1 | Reached skill level 1 in Evocations
 61608 | Depths:1 | Found a gateway to Hell.
 61620 | Depths:1 | Reached skill level 26 in Fighting
 61625 | Depths:1 | Got a twitching copper ring
 61626 | Depths:1 | Identified the ring "Yxteisinu" {rC+ Will+ Str+4} (You
                  | found it on level 1 of the Depths)
 61857 | Depths:2 | Noticed Aizul
 61867 | Depths:2 | Killed Aizul
 61942 | Depths:2 | Identified the +6 kite shield "Bomnihua" {rF+ Str+4}
 61942 | Depths:2 | Noticed Asterion
 61974 | Depths:2 | Killed Asterion
 61975 | Depths:2 | Reached skill level 5 in Evocations
 62102 | Depths:2 | Found a one-way gate leading to the halls of Pandemonium.
 63058 | Depths:3 | Gained mutation: You are powered by pain. [demonic
                  | ancestry]
 63058 | Depths:3 | Reached XP level 24. HP: 153/224 MP: 6/23
 64928 | Depths:4 | Found a glowing golden altar of the Shining One.
 65054 | Depths:4 | You fall into a shaft and drop 1 floor!
 65054 | Depths:5 | Entered Level 5 of the Depths
 65082 | Depths:5 | Found a gateway to a ziggurat.
 65166 | Depths:5 | Found a gate to the Realm of Zot.
 65169 | Depths:5 | Reached skill level 10 in Evocations
 65185 | Depths:5 | Reached skill level 27 in Fighting
 65350 | Depths:5 | Found a magical portal.
 65362 | WizLab   | Entered Wucad Mu's Monastery
 65684 | WizLab   | Gained mutation: You are completely covered in large bone
                  | plates. (SH +8) [demonic ancestry]
 65684 | WizLab   | Reached XP level 25. HP: 135/234 MP: 23/23
 66010 | Depths:5 | Reached skill level 5 in Shields
 66553 | Depths:4 | Found Jykhoer's Assorted Antiques.
 66561 | Depths:4 | Bought 3 scrolls of teleportation for 459 gold pieces
 66913 | Depths:4 | Found a one-way gate to the infinite horrors of the Abyss.
 67045 | Depths:4 | Noticed Frederick
 67053 | Depths:4 | Killed Frederick
 68120 | Vaults:5 | Entered Level 5 of the Vaults
 68164 | Vaults:5 | Reached XP level 26. HP: 125/242 MP: 0/23
 68177 | Vaults:5 | Reached skill level 15 in Dodging
 68547 | Vaults:5 | Acquired a manual of Shields
 68549 | Vaults:5 | Identified the +1 scale mail of Mental Paralysis {MP+9
                  | Dex+3} (You found it on level 5 of the Vaults)
 68579 | Vaults:5 | Identified the +10 plate armour "Muwuk" {rElec Will+
                  | Regen+} (You found it on level 5 of the Vaults)
 68734 | Vaults:5 | Reached skill level 15 in Armour
 68751 | Vaults:5 | Reached skill level 10 in Shields
 68751 | Vaults:5 | Reached skill level 1 in Spellcasting
 68757 | Vaults:5 | Lost mutation: Armour fits poorly on your strangely shaped
                  | body. [potion of mutation]
 68757 | Vaults:5 | Lost mutation: You are somewhat resistant to further
                  | mutation. [potion of mutation]
 68757 | Vaults:5 | Gained mutation: Your mind is acute. (Int +2) [potion of
                  | mutation]
 68757 | Vaults:5 | Gained mutation: Your spells are a little harder to cast,
                  | but a little more powerful. [potion of mutation]
 68757 | Vaults:5 | Gained mutation: You are weak. (Str -2) [potion of
                  | mutation]
 68757 | Vaults:5 | Gained mutation: You are robust. (+10% HP) [potion of
                  | mutation]
 68914 | Vaults:5 | Reached skill level 5 in Spellcasting
 69119 | Vaults:5 | Identified the Disquisition on Battle Magic and
                  | Weightlessness
 69546 | Vaults:5 | Got a silver rune of Zot
 69891 | Crypt:1  | Entered Level 1 of the Crypt
 70763 | Crypt:2  | Noticed Mennas
 70782 | Crypt:2  | Killed Mennas
 70783 | Crypt:2  | Reached XP level 27. HP: 204/273 MP: 35/35
 71595 | Crypt:3  | Entered Level 3 of the Crypt
 71663 | Crypt:3  | Reached skill level 10 in Spellcasting
 71810 | Crypt:3  | Found a staircase to the Tomb.
 72282 | Crypt:3  | Found a basalt altar of Yredelemnul.
 72315 | Crypt:3  | Identified Cigotuvi's Disquisition on Evil
 72626 | Crypt:3  | Reached skill level 15 in Shields
 72678 | Crypt:3  | Got a flickering granite ring
 72678 | Crypt:3  | Got a slimy jade ring
 73383 | Hell     | Entered the Vestibule of Hell
 73383 | Hell     | Noticed Geryon
 74059 | Hell     | Killed Geryon
 74119 | Hell     | Found a gateway to the ashen valley of Gehenna.
 74862 | Hell     | Found a gateway to the decaying netherworld of Tartarus.
 74917 | Hell     | Found a gateway to the freezing wastes of Cocytus.
 75018 | Hell     | Found a gateway to the Iron City of Dis.
 75270 | Lair:1   | Identified the ring of Xelaolam {rC+ rN+ Will+ Int-5} (You
                  | found it on level 3 of the Crypt)
 75271 | Lair:1   | Identified the ring "Ikkoaw" {rN+ Will- Str+7 Dex+4 Slay+6}
                  | (You found it on level 3 of the Crypt)
 75794 | Tomb:1   | Entered Level 1 of the Tomb of the Ancients
 75983 | Tomb:1   | Got a fine amber ring
 75984 | Tomb:1   | Identified the ring of Athraits {Slay+3 Stlth+} (You found
                  | it on level 1 of the Tomb of the Ancients)
 76265 | Tomb:1   | Noticed a royal mummy
 76273 | Tomb:1   | Killed a royal mummy
 76274 | Tomb:1   | Noticed a royal mummy
 76288 | Tomb:1   | Killed a royal mummy
 76636 | Tomb:1   | Reached skill level 15 in Evocations
 77364 | Tomb:2   | Noticed a royal mummy
 77370 | Tomb:2   | Noticed a royal mummy
 77372 | Tomb:2   | Killed a royal mummy
 77430 | Tomb:2   | Noticed a royal mummy
 77441 | Tomb:2   | Killed a royal mummy
 77443 | Tomb:2   | Noticed a royal mummy
 77959 | Tomb:2   | Killed a royal mummy
 77972 | Tomb:2   | HP: 11/273 [??? (3)]
 78704 | Tomb:2   | Killed a royal mummy
 78718 | Tomb:2   | HP: 10/273 [ushabti] (9)]
 78720 | Tomb:2   | HP: 2/273 [ushabti] (13)]
 78721 | Tomb:1   | Succumbed to an ushabti's dark miasma

Illustrated notes

Levels and vault maps discovered:
D:1:      dpeg_arrival_pits, layout_rooms, minmay_vboxes
D:2:      layout_basic, kennysheep_doodads
D:3:      layout_basic, lemuel_round_altar, lemuel_flame_loot_1
D:4:      layout_basic, gup_sewer_entry_bubbles, uniq_blork_the_orc, uniq_robin,
          uniq_crazy_yiuf_cottage
D:5:      layout_cave_pools
D:6:      layout_cave_pods, tso_oasis_becter, minmay_temple_entry_overgrown,
          elyvilon_altar_4
D:7:      layout_rooms, nicolae_overflow_quartered_altars, kennysheep_cross_room
D:8:      layout_basic, kennysheep_island_fort
D:9:      layout_roguey, david_orc_4, kennysheep_generic_room_2
D:10:     layout_basic, kennysheep_cluttered_room
D:11:     layout_roguey, dpeg_lair_monsters, david_defended_altar_orc
D:12:     layout_gridville
D:13:     hangedman_cross_stitches, layout_irregular_city,
          lightli_vaults_fourway_checkpoint, ebering_ghost_reflecting_pool,
          uniq_kirke, uniq_urug
D:14:     layout_small_grid, nicolae_gozag_seed_capital, minmay_pinched_square
D:15:     gammafunk_depths_entry_grave, layout_cave_pods,
          minmay_misc_feat_columns
Temple:   eino_temple_rhombus
Lair:1:   layout_cave_pods, basic_altar
Lair:2:   layout_hall_layers, swamp_mist, chequers_serial_rivers_room_b
Lair:3:   layout_chaotic_city, minmay_snake_entry_guardpost_small
Lair:4:   layout_roguey, beast_lair_carwin_3
Lair:5:   layout_misc_corridors, slime_altar_1
Lair:6:   cheibrodos_lair_end_hotspot, layout_gridlike, gauntlet_entry_generic
Swamp:1:  layout_basic_swamp, nicolae_swamp_godswood
Swamp:2:  layout_basic_swamp, hangedman_swamp_ruin_wall
Swamp:3:  layout_basic_swamp, evilmike_swamp_ruin_rubble_1
Swamp:4:  swamp_vile, layout_basic_swamp, swamp_pool3
Snake:1:  layout_onion_interference
Snake:2:  layout_misc_corridors
Snake:3:  layout_honeycomb, serial_shops, nicolae_shop_stone,
          serial_bayou_shore_a, minmay_shoptagon
Snake:4:  snake_pit, layout_layer_cave, serial_shops, freezing_bzr
Orc:1:    layout_caves
Orc:2:    grunt_orc_community_town_hall, layout_caves,
          grunt_orc_community_big_house_1, grunt_orc_community_big_house_2,
          grunt_orc_community_house_3, grunt_orc_community_house_2,
          grunt_orc_community_house_2, grunt_orc_community_house_1,
          grunt_orc_community_house_3, enter_volcano_1
Elf:1:    layout_loops_cross, serial_shops, shop_fountains,
          minmay_elf_necromancy, hangedman_elven_ridges, library_closet,
          nicolae_elf_big_sculpture_1
Elf:2:    layout_geoelf_octagon, serial_shops, shop, minmay_shop_star,
          uniq_agnes
Elf:3:    minmay_elf_hall_curves, layout_geoelf_octagon, serial_shops, shop,
          portal_ice_cave_entry_pillars_1, roderic_roman_lattice
Vaults:1: nicolae_vaults_network_star, nicolae_vaults_little_squares_1,
          nicolae_vaults_angled_halls, nicolae_vaults_border_crossing,
          v_misc_27, vaults_room_large_hall, vaults_dpeg_cross,
          hangedman_vaults_stretched_pinwheel, hangedman_vaults_corner,
          vaults_standard_mumra_enter_the_diamond, layout_vaults_ring,
          portal_desolation_entry_garden
Vaults:2: ontoclasm_vaults_ring_large, minmay_crypt_entry_skeletal_spiral,
          v_misc_18, nicolae_vaults_angled_halls, v_rooms_1,
          vaults_mumra_hexcomb, nicolae_vaults_lopsided_apartments,
          nicolae_vaults_inception_statues, ontoclasm_vaults_misaligned,
          vaults_dpeg_doors, ontoclasm_vaults_ring_square, vaults_room_pool,
          nicolae_vaults_little_squares_3, vaults_dpeg_diagonal, v_misc_25,
          layout_vaults_omnibox
Vaults:3: vaults_room_octagon, hangedman_vaults_snaps,
          vaults_room_hangedman_quadrants, hangedman_vaults_impose,
          hangedman_vaults_cutoff, nicolae_vaults_windows_and_doors_thing,
          hangedman_vaults_nails, v_misc_17, vaults_room_stairs_pillars,
          vaults_room_fours, hangedman_vaults_trim, layout_vaults_omnicross,
          serial_shops, shop, uniq_mara, uniq_donald, uniq_sojobo
Vaults:4: vaults_room_pool, hangedman_vaults_slice, nicolae_vaults_theta,
          vaults_room_ringed_pool, v_pattern_2, nicolae_vaults_little_squares_5,
          ontoclasm_vaults_chip, vaults_room_hallway, vaults_room_pools,
          vaults_dpeg_encased_lava, layout_vaults_big_room, serial_glass,
          uniq_margery, uniq_saint_roka
Vaults:5
Crypt:1:  layout_regular_city, grunt_ministairs_9, serial_sigils_hangedman_gnaw
Crypt:2:  layout_misc_corridors, lemuel_freeze_loot_1, uniq_mennas
Crypt:3:  church_of_pain_bobbens, layout_chaotic_city,
          nicolae_tomb_entry_unfolded_pyramid_diagonal
Tomb:1
Tomb:2
Depths:1: minmay_thick_lines, layout_cross, lightli_too_deep, serial_sigils,
          serial_sigils_hangedman_leer, serial_sigils_hangedman_etch,
          serial_sigils_hangedman_gut, serial_sigils_hangedman_gut,
          serial_sigils_hangedman_snap, serial_bayou_pond_c, st_stairs_4,
          chequers_serial_rivers_room_b
Depths:2: hourglass_vault, layout_cave_shapes, minmay_crystal_water,
          grunt_hell_entry_dis_old, rand_demon_pan_entry_7, uniq_asterion,
          uniq_aizul
Depths:3: nzn_winding_woodlands_stair_cross [nzn_winding_woodlands_5x15_pool,
          nzn_winding_woodlands_center_diamonds,
          nzn_winding_woodlands_5x15_twine, nzn_winding_woodlands_5x5_cross,
          nzn_winding_woodlands_5x5_closed_star,
          nzn_winding_woodlands_5x15_crooked,
          nzn_winding_woodlands_center_lodge, nzn_winding_woodlands_5x15_eye],
          layout_cave_shapes, hell_entry, marbit_kobold_abyss_entry,
          rand_demon_pan_entry_1, minmay_staircase_bubble
Depths:4: wander_protected_by_tso, layout_honeycomb, abyss_entry,
          pf_coc_iceberg, dk_noncrumbling_3, serial_shops, shop, uniq_frederick
Depths:5: grunt_zot_entry_bicorn, layout_gridlike, enter_ziggurat_b, hell_entry,
          corexii_corridor_pit, infiniplex_enter_wizlab_water,
          minmay_misc_feat_x, minmay_statues_item, serial_bayou_ford_a
Hell

Skill      XL: |  1  2  3  4  5  6  7  8  9 10 11 12 13 14 15 16 17 18 19 20 21 22 23 24 25 26 27 |
---------------+----------------------------------------------------------------------------------+-----
Long Blades    | 3 4 5 6 8 9 10 11 13 14 15 16 | 16.0
Fighting       | 3 5 6 8 10 12 14 16 18 19 20 21 22 23 24 26 27 | 27.0
Armour         | 1 3 8 10 11 12 13 15 | 15.0
Shields        | 1 3 4 6 12 18 | 18.2
Dodging        | 4 8 10 11 13 14 15 | 15.0
Throwing       | 4 10 13 16 | 16.0
Evocations     | 6 10 15 | 15.0
Spellcasting   | 8 11 | 11.1
Stealth        | |  0.6

Action                   |  1- 3 |  4- 6 |  7- 9 | 10-12 | 13-15 | 16-18 | 19-21 | 22-24 | 25-27 || total
-------------------------+-------+-------+-------+-------+-------+-------+-------+-------+-------++-------
Melee: Long sword        |    87 |   259 |     4 |   121 |       |       |       |       |       ||   471
       Scimitar          |       |       |   344 |   656 |  1102 |  1196 |   784 |       |       ||  4082
       Headbutt          |       |       |       |    42 |    45 |       |       |       |       ||    87
       Double sword      |       |       |       |       |       |       |   900 |  1445 |  1500 ||  3845
Throw: Throwing net      |       |       |       |       |       |     1 |       |       |       ||     1
       Boomerang         |       |       |       |       |       |       |     8 |     1 |    30 ||    39
Invok: Call Merchant     |       |       |       |       |     5 |     1 |     2 |     2 |     1 ||    11
       Potion Petition   |       |       |       |       |     1 |       |       |       |     2 ||     3
Evoke: Wand              |       |       |    12 |    21 |       |     4 |     1 |     1 |       ||    39
       Lightning rod     |       |       |       |     9 |     5 |     4 |       |     3 |     9 ||    30
       Condenser vane    |       |       |       |     2 |     1 |       |     1 |       |     3 ||     7
  Use: Potion            |       |     4 |     3 |     4 |     5 |     4 |       |     5 |     3 ||    28
       Scroll            |       |       |    12 |     8 |    13 |     7 |    21 |     6 |    13 ||    80
 Stab: Sleeping          |     1 |     2 |     2 |     1 |       |       |       |     1 |       ||     7
       Confused          |       |       |       |     8 |       |       |       |       |       ||     8
       Distracted        |       |       |       |     5 |     5 |    14 |    20 |     6 |    19 ||    69
       Invisible         |       |       |       |     3 |       |       |       |       |       ||     3
Armor: Leather armour    |    44 |    92 |    87 |    83 |    13 |       |       |       |       ||   319
       Skin              |       |    39 |       |       |       |       |       |       |       ||    39
       Chain mail        |       |       |       |       |   317 |   255 |   137 |       |       ||   709
       Steam dragon scal |       |       |       |       |       |       |    98 |   173 |   223 ||   494
Dodge: Dodged            |    88 |   215 |   199 |   305 |   348 |   464 |   583 |   686 |  1040 ||  3928
Block: Buckler           |       |       |    75 |   253 |   591 |   836 |   997 |   929 |  1610 ||  5291
       Reflection        |       |       |       |       |    28 |    85 |   102 |    64 |    19 ||   298
       Rpst.: Long sword |    27 |    60 |     1 |    16 |       |       |       |       |       ||   104
       Scimitar          |       |       |    68 |    61 |    89 |    62 |    54 |       |       ||   334
       Double sword      |       |       |       |       |       |       |    66 |   123 |   183 ||   372
